 Dungeon Crawl Stone Soup version 0.17.1-3-g152610e (webtiles) character file.

100 juanjsm the Sneak (level 4, -1/21 HPs)
             Began as a Spriggan Enchanter on Apr 21, 2016.
             Slain by a gnoll
             ... wielding a +0 whip
              (9 damage)
             ... on level 3 of the Dungeon.
             The game lasted 00:04:10 (1520 turns).

juanjsm the Sneak (Spriggan Enchanter)              Turns: 1520, Time: 00:04:10

Health: -1/21      AC:  3    Str:  4    XL:     4   Next: 47%
Magic:  1/9        EV: 19    Int: 17    God:
Gold:   78         SH:  0    Dex: 16    Spells: 4 memorised, 0 levels left

rFire  . . .     SeeInvis +     a - +1 dagger
rCold  . . .     Clarity  .     b - +1 robe
rNeg   . . .     SustAt   .     (shield restricted)
rPois  .         Gourm    .     (helmet restricted)
rElec  .         Spirit   .     (no cloak)
rCorr  .         Warding  .     (gloves unavailable)
rMut   .         Stasis   .     (boots unavailable)
MR     .....                    (no amulet)
Stlth  ++++......               (no ring)
                                m - ring of wizardry

@: very quick, not resistant to hostile enchantments, stealthy
A: unfitting armour, see invisible, herbivore 3, speed 3, slow metabolism 2
a: no special abilities


You were on level 3 of the Dungeon.
You were not hungry.

You visited 1 branch of the dungeon, and saw 3 of its levels.

You collected 78 gold pieces.

Inventory:

Hand Weapons
 a - a +1 dagger (weapon)
Armour
 b - a +1 robe (worn)
 j - a swamp dragon hide
Jewellery
 m - a ring of wizardry (left hand)
Scrolls
 e - a scroll of teleportation {unknown}
 g - a scroll of random uselessness {unknown}
 i - a scroll of fog {unknown}
 n - 2 scrolls of identify {unknown}
 p - a scroll of enchant weapon {unknown}
 r - a scroll of remove curse {unknown}
Potions
 f - a potion of magic {unknown}
 h - a potion of agility {unknown}
 k - 2 potions of invisibility {unknown}
 l - a potion of might {unknown}
Books
 c - a book of Maledictions

   Spells                             Type                      Level
   a - Corona                         Hexes                        1
   b - Ensorcelled Hibernation        Hexes/Ice                    2
   c - Confuse                        Hexes                        3
   d - Tukima's Dance                 Hexes                        3
   e - Dazzling Spray                 Conjuration/Hexes            3
 q - a book of Frost

   Spells                             Type                      Level
   a - Freeze                         Ice                          1
   b - Throw Frost                    Conjuration/Ice              2
   c - Ozocubu's Armour               Charms/Ice                   3
   d - Throw Icicle                   Conjuration/Ice              4
   e - Summon Ice Beast               Ice/Summoning                4
   f - Condensation Shield            Ice                          4
Comestibles
 d - 3 bread rations
 o - 3 fruits


   Skills:
 + Level 0.2 Fighting
 + Level 1.4 Short Blades
 + Level 4.0 Dodging
 + Level 6.2 Stealth
 + Level 3.1 Spellcasting
 + Level 4.3 Hexes


You couldn't memorise any spells.
You knew the following spells:

 Your Spells              Type           Power        Failure   Level  Hunger
a - Corona                Hex            ###....      1%          1    None
b - Ensorcelled Hibernat  Hex/Ice        ##....       6%          2    ##.....
c - Confuse               Hex            ###.....     4%          3    ###....
d - Dazzling Spray        Conj/Hex       ##......     10%         3    ###....


Dungeon Overview and Level Annotations

Branches:
Dungeon (3/15)

Altars:
Ru
The Shining One


Innate Abilities, Weirdness & Mutations

You are tiny and cannot use many weapons and most armour.
You have supernaturally acute eyesight.
You are a herbivore.
You cover ground extremely quickly.
You need consume almost no food.


Message History

The rat is severely wounded.
The rat misses you.
You hit the rat.
You kill the rat!
The orc shouts!
You hit the gnoll but do no damage. The gnoll hits you with a whip.
You hit the gnoll.
The gnoll is lightly wounded.
The gnoll completely misses you.
You closely miss the gnoll.
The gnoll is lightly wounded.
The goblin unwields an uncursed hunting sling.
The goblin barely misses you.
You hit the gnoll.
The gnoll is moderately wounded.
The gnoll misses you. The goblin completely misses you.
You completely miss the gnoll.
The gnoll is moderately wounded.
The gnoll hits you with a whip!
You die...

... ########## ###
.....##).......###.##
.....#..........#.>.#
.....#.>..<@g...#...##
....##.....g........##...
#........(..##..g.......
##.[....o...##..#.##....
#..........##..#.....%
.########.............#....#
.................?#...g...#
..####...#.......##.......#
.......#........###....g..##


You could see a gnoll, an orc and a goblin.

Vanquished Creatures
  A jelly (D:3)
  3 adders (D:2)
  4 orcs (D:3)
  8 bats
  A giant cockroach (D:3)
  5 goblins
  4 hobgoblins (D:2)
  2 jackals (D:1)
  A quokka (D:2)
  A giant newt (D:1)
  3 kobolds
  7 rats
40 creatures vanquished.

Notes
Turn   | Place    | Note
--------------------------------------------------------------
     0 | D:1      | juanjsm the Spriggan Enchanter began the quest for the Orb.
     0 | D:1      | Reached XP level 1. HP: 9/9 MP: 5/5
   160 | D:1      | Reached XP level 2. HP: 13/13 MP: 4/6
   166 | D:1      | Learned a level 2 spell: Ensorcelled Hibernation
   285 | D:1      | Found a glowing golden altar of the Shining One.
   769 | D:2      | Reached skill level 5 in Stealth
   812 | D:2      | Reached XP level 3. HP: 16/16 MP: 5/8
  1156 | D:2      | Found a sacrificial altar of Ru.
  1439 | D:3      | Reached skill level 6 in Stealth
  1439 | D:3      | Reached XP level 4. HP: 19/21 MP: 9/9
  1455 | D:3      | Learned a level 3 spell: Confuse
  1459 | D:3      | Learned a level 3 spell: Dazzling Spray
  1520 | D:3      | Slain by a gnoll

Action                   |  1- 3 |  4- 6 || total
-------------------------+-------+-------++-------
Melee: Dagger            |    71 |    26 ||    97
 Cast: Corona            |     4 |       ||     4
       Ensorcelled Hiber |     4 |     4 ||     8
       Dazzling Spray    |       |     1 ||     1
 Stab: Sleeping          |    15 |     4 ||    19
